 Dungeon Crawl Stone Soup version 0.25.0-9-g26727b657a (webtiles) character file.

Game seed: 7332395881669579291

37 raph the Changer (level 3, 0/26 HPs)
             Began as a Merfolk Transmuter on June 16, 2020.
             Slain by an orc
             ... wielding a +2 trident of venom
              (3 damage)
             ... on level 2 of the Dungeon.
             The game lasted 00:03:06 (1225 turns).

raph the Changer (Merfolk Transmuter)               Turns: 1225, Time: 00:03:07

Health: 0/26       AC:  4    Str: 10    XL:     3   Next: 41%
Magic:  5/6        EV: 12    Int: 13    God:
Gold:   67         SH:  0    Dex: 14    Spells: 3/6 levels left

rFire    . . .     SeeInvis .     - Unarmed
rCold    . . .     Gourm    .   (no shield)
rNeg     . . .     Faith    .   f - +0 leather armour
rPois    .         Spirit   .   (no helmet)
rElec    .         Reflect  .   (no cloak)
rCorr    +         Harm     .   (no gloves)
MR       .....                  g - +0 pair of boots
Stlth    +.........             (no amulet)
HPRegen  0.08/turn              h - ring of resist corrosion
MPRegen  0.10/turn              (no ring)

@: lethally poisoned (0 -> -11), appendage
A: change form in water, swift swim, stealthy swim, horns 2
a: End Transformation


You were on level 2 of the Dungeon.
You were not hungry.
You had grown temporary horns.
You visited 1 branch of the dungeon, and saw 2 of its levels.

You collected 67 gold pieces.

Inventory:

Hand Weapons
 c - a +0 dagger of venom
Missiles
 a - 12 arrows
Armour
 b - a +0 robe
 f - a +0 leather armour (worn)
 g - a +0 pair of boots (worn)
Jewellery
 h - a ring of resist corrosion (left hand)
Scrolls
 e - 2 scrolls of identify {unknown}
 j - 3 scrolls of teleportation {unknown}
 k - a scroll of remove curse {unknown}
Potions
 i - a potion of lignification {unknown}
 m - a potion of curing {unknown}
Comestibles
 d - 2 rations
 l - 2 chunks of flesh


   Skills:
 - Level 1.1 Fighting
 - Level 2.6 Dodging
 + Level 3.7 Unarmed Combat
 + Level 2.4 Spellcasting
 * Level 4.0 Transmutations


You had 3 spell levels left.
You knew the following spells:

 Your Spells              Type           Power        Failure   Level  Hunger
a - Beastly Appendage     Tmut           ##....       6%          1    #......
b - Sticks to Snakes      Tmut           ##......     10%         2    ###....

Your spell library contained the following spells:

 Spells                   Type           Power        Failure   Level  Hunger
 Spider Form              Tmut/Pois      #.........   41%         3    ###....
 Ice Form                 Ice/Tmut       #.......     82%         4    #####..
 Blade Hands              Tmut           ##........   87%         5    ######.


Dungeon Overview and Level Annotations

Branches:
Dungeon (2/15)

Altars:


Innate Abilities, Weirdness & Mutations

You revert to your normal form in water.
You are very nimble and swift while swimming.
You are very stealthy in the water. (Stealth+)
You have a pair of horns on your head.


Message History

The orc wizard shouts!
Your headbutt misses the orc. The orc hits you with a +0 trident.
You hit the orc but do no damage. You headbutt the orc, but do no damage.
The orc closely misses you.
The orc hits you from afar with a +2 trident of venom!
* * * LOW HITPOINT WARNING * * *
You are lethally poisoned!
You hit the orc but do no damage.
* * * LOW HITPOINT WARNING * * *
You feel sick. The orc barely misses you. The orc misses you.
You hit the orc but do no damage. You headbutt the orc.
The orc is moderately wounded.
* * * LOW HITPOINT WARNING * * *
You feel sick. The orc closely misses you.
You hit the orc but do no damage.
The orc is moderately wounded.
* * * LOW HITPOINT WARNING * * *
You feel sick.
The orc hits you from afar with a +2 trident of venom.
You die...

##+ #. ...# #.. #.
#..# #.. #. ## ###
#..# #.# #. .. ..#
#..# #.# #. #.###.#
#..# #.# #. oo..#
#..# #.# ##. #.o#
#..####.###..
#.@####............
#...........#######
##.#####.##.# #.#
#....# #.# ###..#
#.# #..# #.# #..#
#.# .... .. ##


You could see an orc wizard and 2 orcs.

Vanquished Creatures
  An adder (D:2)
  3 dart slugs (D:1)
  2 ball pythons (D:1)
  2 giant cockroaches (D:1)
  3 hobgoblins (D:1)
  5 bats (D:1)
  2 goblins (D:1)
  6 rats (D:1)
24 creatures vanquished.

Notes
Turn   | Place    | Note
-------+----------+-------------------------------------------
     0 | D:1      | raph the Merfolk Transmuter began the quest for the Orb.
     0 | D:1      | Reached XP level 1. HP: 15/15 MP: 3/3
   154 | D:1      | Reached skill level 3 in Transmutations
   183 | D:1      | Reached XP level 2. HP: 21/21 MP: 3/5
   202 | D:1      | Learned a level 2 spell: Sticks to Snakes
   758 | D:1      | Reached XP level 3. HP: 26/26 MP: 4/6
  1129 | D:2      | Reached skill level 4 in Transmutations
  1225 | D:2      | Slain by an orc

Illustrated notes

Levels and vault maps discovered:
D:1:      evilmike_arrival_hilbert_curve, layout_basic
D:2:      layout_loops_ring, nicolae_overflow_hidden_temple,
          gammafunk_temple_overflow_forgotten, chequers_ecumenical_altar_grove,
          uniq_robin

Skill      XL: |  1  2  3 |
---------------+----------+-----
Transmutations | 3 4 |  4.0
Fighting       | |  1.1
Dodging        | |  2.6
Unarmed Combat | |  3.7
Spellcasting   | |  2.4

Action                   || total
-------------------------++-------
Melee: Unarmed           ||    72
       Headbutt          ||    13
       Dagger            ||    12
 Cast: Beastly Appendage ||    15
  Eat: Chunk             ||     1
Armor: Leather armour    ||    22
       Robe              ||     4
Dodge: Dodged            ||    54
